 Dungeon Crawl Stone Soup version 0.18.1-51-gd549091e01 (webtiles) character file.

113 magog001 the Stinger (level 4, -1/27 HPs)
             Began as an Octopode Venom Mage on Mar 27, 2021.
             Was a Follower of Nemelex Xobeh.
             Slain by an adder (2 damage)
             ... on level 3 of the Dungeon.
             The game lasted 00:14:08 (2615 turns).

magog001 the Stinger (Octopode Venom Mage)          Turns: 2615, Time: 00:14:08

Health: -1/27      AC:  1    Str:  8    XL:     4   Next: 96%
Magic:  7/7        EV: 13    Int: 17    God:    Nemelex Xobeh [*.....]
Gold:   97         SH:  0    Dex: 12    Spells: 3 memorised, 1 level left

rFire  . . .     SeeInvis .       - Unarmed
rCold  . . .     Gourm    .     (no shield)
rNeg   . . .     Faith    .     (helmet restricted)
rPois  .         Spirit   .     (no amulet)
rElec  .         Dismiss  .     (no ring)
rCorr  .         Reflect  .     (no ring)
SustAt .         Harm     .     (no ring)
MR     .....                    (no ring)
Stlth  ++++......               (no ring)
                                (no ring)
                                (no ring)
                                (no ring)

@: lethally poisoned (-1 -> -3), not resistant to hostile enchantments, stealthy
A: almost no armour, amphibious, 8 rings, constrict 8, camouflage 1, gelatinous
body 1
a: Renounce Religion


You were on level 3 of the Dungeon.
You worshipped Nemelex Xobeh.
Nemelex Xobeh was aware of your devotion.
You were full.

You visited 1 branch of the dungeon, and saw 3 of its levels.

You collected 97 gold pieces.

Inventory:

Hand Weapons
 m - a +0 hunting sling
Missiles
 n - 16 sling bullets
Scrolls
 d - 3 scrolls of remove curse {unknown}
Potions
 c - a potion of curing {unknown}
 g - a potion of magic {unknown}
 i - a potion of flight
Books
 a - a Young Poisoner's Handbook

   Spells                             Type                      Level
   a - Sting                          Conjuration/Poison           1
   b - Cure Poison                    Poison                       2
   c - Mephitic Cloud                 Conjuration/Poison/Air       3
   d - Olgreb's Toxic Radiance        Poison                       4
   e - Venom Bolt                     Conjuration/Poison           5
Miscellaneous
 f - a legendary deck of destruction {drawn: 1}
 j - a plain deck of war
 o - a plain deck of escape
Comestibles
 b - a bread ration


   Skills:
 + Level 0.8 Fighting
 * Level 2.8 Dodging
 * Level 4.4 Stealth
 * Level 1.7 Unarmed Combat
 + Level 2.0 Spellcasting
 + Level 0.6 Conjurations
 + Level 5.2 Poison Magic


You had one spell level left.
You knew the following spells:

 Your Spells              Type           Power        Failure   Level  Hunger
a - Sting                 Conj/Pois      ##..         10%         1    #......
b - Mephitic Cloud        Conj/Pois/Air  #.......     30%         3    ###....
c - Cure Poison           Pois           ###.......   3%          2    ###....


Dungeon Overview and Level Annotations

Branches:
Dungeon (3/15)

Altars:
Nemelex Xobeh
Pakellas
Xom


Innate Abilities, Weirdness & Mutations

You cannot wear most types of armour.
You are amphibious.
You can wear up to eight rings at the same time.
You can use your tentacles to constrict eight enemies at once.
Your skin changes colour to match your surroundings (Stealth).
Your rubbery body absorbs attacks (AC +1).


Message History

You miss the adder. Your grab misses the adder.
The adder is lightly wounded.
The adder bites you.
You are poisoned.
The adder poisons you!
You closely miss the adder. Your grab misses the adder.
Your tentacle-slap misses the adder.
The adder is lightly wounded.
You feel sick. The adder closely misses you.
You closely miss the adder. Your grab misses the adder.
The adder is lightly wounded.
The adder bites you.
* * * LOW HITPOINT WARNING * * *
The adder bites you.
* * * LOW HITPOINT WARNING * * *
You miss the adder. Your grab misses the adder.
The adder is lightly wounded.
The adder bites you.
You die...
Your body disappears without a glow.

*,,,,,,,,,****,*****,,* *****
*,,,,***,*,* *,#...,***
*,,,,***,,,* *,#...,*
,,,,,,***,,* *,...#**
,,,,,,***,,* **#..#
,,,,,,+,,,>* #..# ,,,,,,*##***
#.?# ******* ,,,,,,+,.,* #S.#
*,,,,,, ,,,,,,**#.* #@.#
*,***** *,*****
#.######..#####****,*
#+#######...............,,*,*
........###...##......##*,*,*
........# #...##......# *,*,*
........# #...##......# *,*,*
....†...###...##......#**,*,**
........................,,,,,*
........).......#.....##*,*,**


You could see an adder.

Vanquished Creatures
  6 adders
  A worm (D:2)
  A dart slug (D:1)
  2 giant geckos (D:2)
  A ball python (D:2)
  5 bats
  5 giant cockroaches
  9 goblins
  6 hobgoblins
  2 giant newts
  9 kobolds
  3 rats
50 creatures vanquished.

Notes
Turn   | Place    | Note
--------------------------------------------------------------
     0 | D:1      | magog001 the Octopode Venom Mage began the quest for the Orb.
     0 | D:1      | Reached XP level 1. HP: 11/11 MP: 3/3
   130 | D:1      | Reached skill level 5 in Poison Magic
   155 | D:1      | Reached XP level 2. HP: 17/17 MP: 0/5
   276 | D:1      | Found a sparkling altar of Nemelex Xobeh.
   280 | D:1      | Became a worshipper of Nemelex Xobeh the Trickster
   391 | D:1      | Received a gift from Nemelex Xobeh
   743 | D:1      | Reached skill level 1 in Unarmed Combat
   830 | D:1      | Reached XP level 3. HP: 14/21 MP: 6/6
  1012 | D:1      | Learned a level 3 spell: Mephitic Cloud
  1020 | D:2      | Received a gift from Nemelex Xobeh
  1216 | D:2      | Reached * piety under Nemelex Xobeh
  1277 | D:2      | Found a shimmering altar of Xom.
  1293 | D:2      | Learned a level 2 spell: Cure Poison
  1538 | D:2      | Reached XP level 4. HP: 26/27 MP: 3/7
  1899 | D:2      | Received a gift from Nemelex Xobeh
  1899 | D:2      | Found an oddly glowing altar of Pakellas.
  2614 | D:3      | HP: 1/27 [adder (5)]
  2615 | D:3      | Slain by an adder

Skill      XL: |  1  2  3  4 |
---------------+-------------+-----
Poison Magic   | 5 |  5.2
Stealth        | 3 4 |  4.4
Unarmed Combat | 1 |  1.7
Fighting       | |  0.8
Dodging        | |  2.8
Spellcasting   | |  2.0
Conjurations   | |  0.6

Action                   |  1- 3 |  4- 6 || total
-------------------------+-------+-------++-------
Melee: Unarmed           |    68 |    71 ||   139
       Constrict         |    20 |    13 ||    33
       Tentacles         |     6 |     7 ||    13
 Cast: Sting             |    16 |       ||    16
       Mephitic Cloud    |     1 |       ||     1
Evoke: Deck              |     1 |       ||     1
  Use: Scroll            |       |     3 ||     3
 Stab: Sleeping          |     8 |     6 ||    14
  Eat: Chunk             |     2 |     3 ||     5
       Meat ration       |       |     1 ||     1
Armor: Skin              |    11 |     4 ||    15
Dodge: Dodged            |    35 |    53 ||    88
